 Dungeon Crawl Stone Soup version 0.18.1-48-g4cf74bf (webtiles) character file.

413 Reinheirdt the Cutter (level 6, -4/64 HPs)
             Began as a High Elf Assassin on Aug 21, 2016.
             Slain by Xelenos's ghost (8 damage)
             ... on level 4 of the Dungeon.
             The game lasted 00:13:50 (2801 turns).

Reinheirdt the Cutter (High Elf Assassin)           Turns: 2801, Time: 00:13:51

Health: -4/64      AC: 23    Str: 16 (17) XL:     6   Next: 59%
Magic:  7/7        EV:  2    Int: 15      God:
Gold:   119        SH:  5    Dex: 18 (19) Spells: 0 memorised, 5 levels left

rFire  . . .     SeeInvis .     a - +2 dagger
rCold  . . .     Gourm    .     (armour currently unavailable)
rNeg   + + +     Faith    .     A - +0 buckler
rPois  +         Spirit   .     (helmet currently unavailable)
rElec  .         Dismiss  .     (cloak currently unavailable)
rCorr  .         Reflect  .     (gloves currently unavailable)
SustAt .         Harm     .     (boots currently unavailable)
MR     .....     NoTele   +     (no amulet)
Stlth  ++++......               s - -3 ring of evasion (curse)
                                q - +5 ring of strength

@: tree-form, not resistant to hostile enchantments, stealthy
A: strong 1, (sturdy frame 0)
a: no special abilities


You were on level 4 of the Dungeon.
You were very hungry.
You were a tree.
You visited 1 branch of the dungeon, and saw 4 of its levels.

You collected 119 gold pieces.

Inventory:

Hand Weapons
 a - a +2 dagger (weapon)
 b - a +0 blowgun
Missiles
 e - 23 poisoned needles
 f - 2 curare-tipped needles
 y - 37 arrows
Armour
 c - a +0 robe
 d - a +1 cloak (melded)
 l - a +0 helmet (melded)
 o - a cursed +0 leather armour (melded)
 A - a +0 buckler (worn)
Jewellery
 q - a +5 ring of strength (left branch)
 s - a cursed -3 ring of evasion (right branch)
Wands
 p - a wand of slowing (21/48)
 x - a wand of flame (9/48)
Scrolls
 h - a scroll of enchant armour
 j - 3 scrolls of identify
 m - 2 scrolls of fog {unknown}
 u - a scroll of random uselessness
 v - 2 scrolls of recharging
 C - 2 scrolls of enchant weapon {unknown}
Comestibles
 g - 2 bread rations
 k - 3 fruits
 w - 2 slices of pizza
 z - a meat ration


   Skills:
 + Level 3.9 Fighting
 * Level 6.2 Short Blades
 - Level 2.0 Throwing
 + Level 1.1 Armour
 - Level 1.2 Dodging
 - Level 4.3 Stealth
 + Level 2.4 Shields


You had 5 spell levels left.
You didn't know any spells.

Dungeon Overview and Level Annotations

Branches:
Dungeon (4/15)
 Temple: D:4-7

Altars:
Ashenzari
Dithmenos
Elyvilon
Nemelex Xobeh
Pakellas
Trog
Yredelemnul
The Shining One

Annotations:
D:4 Xelenos's ghost, amateur MiMo


Innate Abilities, Weirdness & Mutations

Your muscles are strong. (Str +2)
((Your movements are slightly less encumbered by armour (ER -2).))


Message History

You hit Xelenos's ghost.
Xelenos's ghost is moderately damaged.
You hit Xelenos's ghost but do no damage.
Xelenos's ghost is moderately damaged.
Xelenos's ghost hits you but does no damage.
You hit Xelenos's ghost.
Xelenos's ghost is moderately damaged.
Xelenos's ghost hits you.
* * * LOW HITPOINT WARNING * * *
You barely miss Xelenos's ghost.
Xelenos's ghost is moderately damaged.
You block the worm's attack.
You hit Xelenos's ghost but do no damage.
Xelenos's ghost is moderately damaged.
Xelenos's ghost hits you but does no damage.
You are feeling very hungry.
You hit Xelenos's ghost but do no damage.
Xelenos's ghost is moderately damaged.
Xelenos's ghost hits you!
You die...

#.####.. ## .....#.. #.
.#...#. #. .....##+##. .
#...).... .. ###
###...>.. ...##.?
#####.....
.......#########......O..
..!...#W♣.!......###.....
..(....w########## #.....
....##### #.#.## ..
#...## #.##>. #.##..
#...## ###.## ####


You could see a worm and Xelenos's ghost.

Vanquished Creatures
  Grinder (D:3)
  A howler monkey (D:4)
  A hound (D:4)
  An orc wizard (D:4)
  An iguana (D:4)
  An adder (D:2)
  An ooze (D:1)
  5 worms
  4 dart slugs
  3 giant geckos
  3 orcs (D:4)
  2 ball pythons (D:1)
  A giant cockroach (D:2)
  5 goblins
  6 hobgoblins
  4 kobolds
  13 bats
  A giant gecko skeleton (D:4)
  A giant newt (D:3)
  9 rats
64 creatures vanquished.

Notes
Turn   | Place    | Note
--------------------------------------------------------------
     0 | D:1      | Reinheirdt the High Elf Assassin began the quest for the Orb.
     0 | D:1      | Reached XP level 1. HP: 14/14 MP: 2/2
    74 | D:1      | Reached skill level 3 in Short Blades
    74 | D:1      | Reached XP level 2. HP: 17/19 MP: 3/3
   677 | D:1      | Reached XP level 3. HP: 25/25 MP: 4/4
   774 | D:2      | Found an oddly glowing altar of Pakellas.
  1099 | D:2      | Reached skill level 4 in Short Blades
  1189 | D:2      | Found a sparkling altar of Nemelex Xobeh.
  1394 | D:3      | Noticed Grinder
  1403 | D:3      | Paralysed by Grinder for 4 turns
  1418 | D:3      | Paralysed by Grinder for 3 turns
  1422 | D:3      | HP: 1/37 [worm (3)]
  1425 | D:3      | Gained mutation: Your muscles are strong. (Str +2) [potion of beneficial mutation]
  1437 | D:3      | Killed Grinder
  1437 | D:3      | Reached skill level 5 in Short Blades
  1437 | D:3      | Reached skill level 1 in Shields
  1437 | D:3      | Reached XP level 4. HP: 20/33 MP: 5/5
  1437 | D:3      | Reached XP level 5. HP: 23/37 MP: 6/6
  1652 | D:3      | Found a basalt altar of Yredelemnul.
  1655 | D:3      | Found a glowing golden altar of the Shining One.
  1808 | D:3      | Found a white marble altar of Elyvilon.
  1889 | D:3      | Reached XP level 6. HP: 43/43 MP: 7/7
  1995 | D:3      | Noticed a moth of wrath
  1998 | D:3      | Found a bloodstained altar of Trog.
  2249 | D:4      | Found a shadowy altar of Dithmenos.
  2265 | D:4      | Reached skill level 6 in Short Blades
  2317 | D:4      | Found a shattered altar of Ashenzari.
  2333 | D:4      | Reached skill level 1 in Armour
  2553 | D:4      | Gained mutation: You are frail (-10% HP). [potion of mutation]
  2553 | D:4      | Gained mutation: Your movements are slightly less encumbered by armour (ER -2). [potion of mutation]
  2553 | D:4      | Lost mutation: You are frail (-10% HP). [potion of mutation]
  2765 | D:4      | Noticed Xelenos's ghost (amateur MiMo)
  2801 | D:4      | Slain by Xelenos's ghost

Skill      XL: |  1  2  3  4  5  6 |
---------------+-------------------+-----
Short Blades   | 3 5 6 |  6.2
Fighting       | 3 |  3.9
Shields        | 1 2 |  2.4
Armour         | 1 |  1.1
Throwing       | |  2.0
Dodging        | |  1.2
Stealth        | |  4.3

Action                   |  1- 3 |  4- 6 || total
-------------------------+-------+-------++-------
Melee: Dagger            |   115 |   198 ||   313
 Fire: Blowgun           |     3 |       ||     3
Evoke: Wand              |       |     2 ||     2
  Use: Scroll            |     5 |       ||     5
       Potion            |     7 |     4 ||    11
 Stab: Sleeping          |    14 |     3 ||    17
  Eat: Chunk             |     1 |     5 ||     6
Armor: Robe              |    37 |       ||    37
       Skin              |    19 |    10 ||    29
       Leather armour    |       |    53 ||    53
Dodge: Dodged            |    61 |    63 ||   124
Block: Buckler           |     8 |    40 ||    48
